 Dungeon Crawl Stone Soup version 0.29-a0-819-g94b489e (webtiles) character file.

Game seed: 12478913201726829961

487833 PurpleRed the Archmage (level 23, -6/128 HPs)
             Began as a Deep Elf Brigand on July 4, 2022.
             Was the Champion of Vehumet.
             Killed from afar by an orb of fire (31 damage)
             ... with a bolt of fire
             ... on level 10 of a ziggurat on July 6, 2022.
             The game lasted 05:11:25 (19594 turns).

PurpleRed the Archmage (Deep Elf Brigand)          Turns: 19594, Time: 05:11:26

Health: -6/128     AC: 19    Str: 11    XL:     23   Next: 21%
Magic:  45/66      EV: 15    Int: 33    God:    Vehumet [******]
Gold:   3068       SH:  0    Dex: 16    Spells: 11/76 levels left

rFire   + + .      SeeInvis .   U - staff of fire
rCold   . . .      Faith    .   (no shield)
rNeg    . . .      Spirit   .   l - +4 troll leather armour
rPois   .          Reflect  .   Z - +3 hat of Pondering {ponderous, Will+ MP+10 Int+5}
rElec   .          Harm     .   V - +1 cloak
rCorr   .          Rampage  .   K - +2 pair of gloves {Str+3}
Will    ++++.                   j - +2 pair of boots {Fly}
Stlth   ++++......              t - amulet of magic regeneration
HPRegen 1.11/turn               H - ring of wizardry
MPRegen 0.80/turn               R - ring of Jierr {Fly rF+ Will+}

@: flying, studying Armour, slow
A: no striking features
}: 4/15 runes: barnacled, slimy, silver, gossamer
a: Renounce Religion


You were on level 10 of a ziggurat.
You worshipped Vehumet.
Vehumet was exalted by your worship.
You visited 10 branches of the dungeon, and saw 48 of its levels.
You visited 1 ziggurat, and saw 10 of its levels.
You also visited: Ossuary.

You collected 6054 gold pieces.
You spent 2986 gold pieces at shops.

Inventory:

Hand Weapons
 a - the +4 dagger "Tyeluc" {flame, rN++}
   (You found it on level 5 of the Pits of Slime)

   It burns those it strikes, dealing additional fire damage.
   rN:        It greatly protects you from negative energy.
 m - the +6 halberd of Ashenzari's Favour {freeze, rF+ rC+ Str+4 Stlth+}
   (You took it off a merfolk impaler on level 4 of the Shoals)

   It freezes those it strikes, dealing additional cold damage.
   It can also slow down cold-blooded creatures.
   Str:       It affects your strength (+4).
   rF:        It protects you from fire.
   rC:        It protects you from cold.
   Stlth:     It makes you more stealthy.
 y - the +6 Majin-Bo {vamp, MP+6 Int+6}
   (You took it off a deep elf knight on level 3 of the Elven Halls)

   It heals its wielder for a portion of the damage dealt when they wound a
   living foe with it or with a spell.
   Its wielder's spells cost health as well as magical power.
   Int:       It affects your intelligence (+6).
   MP:        It affects your magic capacity (+6).
Missiles
 f - 11 curare-tipped darts (quivered)
 D - 5 atropa-tipped darts
Armour
 i - the +0 hat of the Old and Reckless {rPois Dex+2}
   (You found it on level 7 of a ziggurat)

   Dex:       It affects your dexterity (+2).
   rPois:     It protects you from poison.
 j - a +2 pair of boots of flying (worn)
 l - a +4 troll leather armour (worn)
 s - the +18 shield of the Gong {rElec rN+ Will+ EV-5}
   (You found it on level 5 of the Vaults)

   It is deafeningly noisy when blocking attacks.
   EV:        It affects your evasion (-5).
   rElec:     It insulates you from electricity.
   rN:        It protects you from negative energy.
   Will:      It increases your willpower.
 K - a +2 pair of gloves of strength (worn)
 Q - the +2 hat "Waxap" {rElec rN+}
   (You acquired it on level 2 of the Elven Halls)

   rElec:     It insulates you from electricity.
   rN:        It protects you from negative energy.
 S - a +0 helmet of see invisible
 V - a +1 cloak (worn)
 Y - the +2 helmet of Fameamar {-Tele rF+ Will+ Regen+}
   (You bought it in a shop on level 1 of the Orcish Mines)

   rF:        It protects you from fire.
   -Tele:     It prevents most forms of teleportation.
   Regen:     It increases your rate of health regeneration.
   Will:      It increases your willpower.
 Z - the +3 hat of Pondering (worn) {ponderous, Will+ MP+10 Int+5}
   (You found it on level 14 of the Dungeon)

   Int:       It affects your intelligence (+5).
   MP:        It affects your magic capacity (+10).
   Will:      It increases your willpower.
Magical Staves
 b - a staff of conjuration
 c - a staff of earth
 U - a staff of fire (weapon)
Jewellery
 d - a ring of fire
 t - an amulet of magic regeneration (around neck)
 H - a ring of wizardry (left hand)
 O - an amulet of regeneration
 R - the ring of Jierr (right hand) {Fly rF+ Will+}
   (You acquired it on level 2 of the Lair of Beasts)

   [ring of flight]

   rF:        It protects you from fire.
   Fly:       It grants you flight.
   Will:      It increases your willpower.
 T - a ring of resist corrosion
Wands
 w - a wand of digging (5)
 z - a wand of acid (10)
 I - a wand of roots (38)
 L - a wand of paralysis (19)
Scrolls
 g - 2 scrolls of blinking
 k - 15 scrolls of teleportation
 o - a scroll of summoning
 q - 4 scrolls of amnesia
 v - 8 scrolls of fog
 A - 3 scrolls of fear
 E - 7 scrolls of poison
 J - 4 scrolls of silence
 M - 5 scrolls of immolation
 P - 9 scrolls of magic mapping
Potions
 e - 3 potions of haste
 h - 12 potions of mutation
 n - 4 potions of cancellation
 p - 2 potions of lignification
 r - 2 potions of resistance
 u - 2 potions of brilliance
 x - 2 potions of invisibility
 B - 8 potions of might
 C - 25 potions of curing
 F - 9 potions of heal wounds
 W - 6 potions of ambrosia
 X - 4 potions of magic


   Skills:
 + Level 8.4 Fighting
 - Level 2.0 Short Blades
 - Level 2.0 Throwing
 - Level 8.0 Dodging
 - Level 8.0 Stealth
 O Level 27 Spellcasting
 - Level 21.0 Conjurations
 - Level 4.0 Hexes
 - Level 8.0 Necromancy
 - Level 21.0 Fire Magic
 - Level 10.0 Ice Magic
 * Level 17.9 Earth Magic


You had 11 spell levels left.
You knew the following spells:

 Your Spells              Type           Power      Damage    Failure   Level
a - Fire Storm            Conj/Fire      67%        8d17      1%          9
b - Starburst             Conj/Fire      67%        6d17      0%          6
c - Iskenderun's Mystic   Conj/Tloc      85%        2d17      1%          4
d - Stone Arrow           Conj/Erth      100%       3d13      0%          3
e - Fireball              Conj/Fire      67%        3d25      0%          5
f - Iron Shot             Conj/Erth      53%        9d10      1%          6
g - Fulminant Prism       Conj/Hex       45%        3d21      1%          4
h - Ozocubu's Refrigerat  Ice            42%        4d13      1%          7
i - Ignition              Fire           67%        3d18      1%          8
j - Magic Dart            Conj           100%       1d8       0%          1
k - Shatter               Erth           52%        3d39*     4%          9
l - Apportation           Tloc           88%        N/A       1%          1
x - Sublimation of Blood  Necr           77%        N/A       1%          2

Your spell library contained the following spells:

 Spells                   Type           Power      Damage    Failure   Level
 Chain Lightning          Conj/Air       42%        3d56      58%         9
 Foxfire                  Conj/Fire      100%       2x1d9     0%          1
 Sandblast                Erth           100%       2d20      0%          1
 Shock                    Conj/Air       100%       1d9       0%          1
 Searing Ray              Conj           100%       2d8       0%          2
 Static Discharge         Conj/Air       85%        3-14/arc  0%          2
 Conjure Flame            Conj/Fire      100%       6-21      0%          3
 Inner Flame              Hex/Fire       100%       N/A       0%          3
 Flame Wave               Conj/Fire      100%       2d17      0%          4
 Hailstorm                Conj/Ice       98%        3d19      0%          4
 Sticky Flame             Conj/Fire      100%       2d11      0%          4
 Iskenderun's Battlesphe  Conj           100%       2d15      0%          5
 Lee's Rapid Deconstruct  Erth           52%        3d25*     0%          5
 Beastly Appendage        Tmut           88%        N/A       1%          1
 Necrotise                Necr           100%       1d9       1%          1
 Slow                     Hex            100%       N/A       1%          1
 Summon Small Mammal      Summ           100%       N/A       1%          1
 Blink                    Tloc           88%        N/A       1%          2
 Call Imp                 Summ           44%        N/A       1%          2
 Passwall                 Tmut/Erth      67%        N/A       1%          2
 Wereblood                Tmut           44%        N/A       1%          2
 Confusing Touch          Hex            63%        N/A       1%          3
 Gell's Gravitas          Tloc           44%        N/A       1%          3
 Lesser Beckoning         Tloc           44%        N/A       1%          3
 Mephitic Cloud           Conj/Pois/Air  74%        N/A       1%          3
 Ozocubu's Armour         Ice            84%        N/A       1%          3
 Portal Projectile        Hex/Tloc       100%       N/A       1%          3
 Spider Form              Tmut/Pois      44%        N/A       1%          3
 Summon Guardian Golem    Hex/Summ       55%        N/A       1%          3
 Swiftness                Air            44%        N/A       1%          3
 Teleport Other           Tloc           44%        N/A       1%          3
 Tukima's Dance           Hex            63%        N/A       1%          3
 Vampiric Draining        Necr           77%        2d11      1%          3
 Airstrike                Air            22%        0-8+      1%          4
 Anguish                  Hex/Necr       35%        N/A       1%          4
 Animate Armour           Summ/Erth      100%       N/A       1%          4
 Cause Fear               Hex            31%        N/A       1%          4
 Ice Form                 Ice/Tmut       67%        N/A       1%          4
 Leda's Liquefaction      Hex/Erth       43%        N/A       1%          4
 Petrify                  Tmut/Erth      81%        N/A       1%          4
 Agony                    Necr           77%        N/A       1%          5
 Freezing Cloud           Conj/Ice/Air   42%        6-21      1%          5
 Irradiate                Conj/Tmut      42%        3d27      1%          5
 Lightning Bolt           Conj/Air       42%        1d62      1%          5
 Metabolic Englaciation   Hex/Ice        37%        N/A       1%          5
 Yara's Violent Unravell  Hex/Tmut       27%        3d12      1%          5
 Conjure Ball Lightning   Conj/Air       42%        3x3d15    1%          6
 Simulacrum               Ice/Necr       40%        N/A       1%          6
 Orb of Destruction       Conj           55%        9d14      1%          7
 Spellforged Servitor     Conj/Summ      42%        N/A       1%          7
 Lehudib's Crystal Spear  Conj/Erth      53%        10d13     1%          8
 Passage of Golubria      Tloc           44%        N/A       2%          4
 Summon Lightning Spire   Summ/Air       44%        N/A       2%          4
 Silence                  Hex/Air        27%        N/A       3%          5
 Summon Mana Viper        Hex/Summ       55%        N/A       3%          5
 Blade Hands              Tmut           22%        N/A       8%          5
 Manifold Assault         Tloc           44%        N/A       8%          5
 Summon Forest            Summ/Tloc      22%        N/A       8%          5
 Dispersal                Tloc           22%        N/A       36%         6
 Summon Cactus Giant      Summ           22%        N/A       36%         6
 Enfeeble                 Hex            31%        N/A       38%         7
 Polar Vortex             Ice            42%        N/A       65%         9
 Dragon Form              Tmut           22%        N/A       89%         7
 Disjunction              Tloc           22%        N/A       100%        8
 Dragon's Call            Summ           22%        N/A       100%        9


Dungeon Overview and Level Annotations

Branches:
Dungeon (15/15)            Temple (1/1) D:6            Lair (6/6) D:8
 Shoals (4/4) Lair:4       Spider (4/4) Lair:4        Slime (5/5) Lair:6
    Orc (2/2) D:9             Elf (3/3) Orc:2        Vaults (5/5) D:13
 Depths (3/4) D:15        Ossuary (visited)
  Crypt: Vaults:2-3

Altars:
Ashenzari
Cheibriados
Dithmenos
Elyvilon
Fedhas
Gozag
Hepliaklqana
Kikubaaqudgha
Makhleb
Nemelex Xobeh
Okawaru
Qazlal
Ru
Sif Muna
Trog
Uskayaw
Vehumet
Wu Jian
Xom
Yredelemnul
Zin
The Shining One

Shops:
D:7 :   D:11 *   Orc:1 *((*[   Orc:2 [([[*   Shoals:3 [   Vaults:2 :
Vaults:3 (*(   Depths:2 *

Portals:
Hell: Depths:2
Pandemonium: Depths:2
Trove: Depths:2 (give 15 scrolls of teleportation)

Annotations:
Lair:1 exclusion: oklob plant
Lair:6 2 transporters, Cryingnoob's ghost, journeyman MeAE
Shoals:3 Ilsuiw
Spider:4 1 runed translucent door, moogleknight's ghost, adept MeFi
Orc:1 4 transporters
Vaults:2 2 runed translucent doors, poml's ghost, adept DsGl


Message History

The great blast of fire engulfs the fire giant!!
The fire giant partially resists.
The fire giant is almost dead.
Your fire vortex barely misses the orb of fire.
A fire dragon comes into view.
The fire giant is engulfed in blazing flames.
The fire giant points at you and mumbles some strange words.
The bolt of fire hits your fire vortex.
Your fire vortex completely resists.
The bolt of fire hits your fire vortex.
Your fire vortex completely resists.
The bolt of fire hits you! You resist.
* * * LOW HITPOINT WARNING * * *
Casting: Fire Storm (dangerous; 1% risk of failure)
Confirm with . or Enter, or press ? or * to list all spells.
Aiming: Fire Storm (dangerous; 1% risk of failure)
Press: ? - help, Dir - move target, f - fire vortex, p - orb of fire
Aim: a fire vortex (lightly damaged, friendly)
You feel a surge of power!
A raging storm of fire appears!
The great blast of fire engulfs the fire giant!!!
The fire giant partially resists.
You kill the fire giant!
Vehumet accepts your kill.
You feel your power returning.
The great blast of fire engulfs the orb of fire!!
The orb of fire partially resists.
The orb of fire is almost destroyed.
The great blast of fire engulfs the fire dragon!!
The fire dragon partially resists.
The fire dragon is almost dead.
Your fire vortex hits the orb of fire.
Your fire vortex dissipates!
Your fire vortex hits the orb of fire.
Your fire vortex dissipates!
Your fire vortex barely misses the orb of fire.
The orb of fire emits a lurid red light.
The bolt of fire hits your fire vortex.
Your fire vortex completely resists.
The bolt of fire hits you!! You resist.
You die...

▓▓▓▓▓▓▓▓▓
........▓▓
.........▓▓
v°°○†.....▓▓
☼○°vv☼.....▓▓
D○°○vv.v....▓▓
°vv*v☼.@...∩.▓
°°vv○°......▓▓
○☼○○☼°.....▓▓
.°....v...▓▓
.........▓▓
........▓▓
▓▓▓▓▓▓▓▓▓


You could see an orb of fire (ally target), a fire dragon and 12 friendly fire
vortices.

Vanquished Creatures
  the Royal Jelly (Slime:5)
  A dread lich (Depths:2)
  An ancient lich (Vaults:5)
  A shard shrike (Zig:8)
  A Killer Klown (Zig:3)
  Saint Roka (Orc:2)
  4 golden dragons (Vaults:5)
  2 Tzitzimimeh (Zig:4)
  A lich (Zig:1)
  A tentacled monstrosity (Vaults:5)
  3 deep elf blademasters
  Asterion (Vaults:3)
  6 titans
  3 deep elf master archers
  3 quicksilver dragons (Vaults:5)
  14 acid blobs
  Agnes (Elf:2)
  2 sphinxes (Vaults:3)
  3 storm dragons (Vaults:5)
  Kirke (Lair:4)
  5 shadow dragons (Vaults:5)
  4 tengu reavers (Vaults:5)
  5 azure jellies
  6 emperor scorpions
  11 rockslimes
  9 deep elf sorcerers
  3 frost giants
  6 fire giants
  4 balrugs
  2 orc warlords (Vaults:3)
  5 ghost moths
  A juggernaut zombie (Depths:2)
  5 deep elf elementalists (Elf:3)
  8 vault wardens
  4 very ugly things
  6 quicksilver oozes
  6 stone giants
  An ironbound thunderhulk (Vaults:2)
  A broodmother (Spider:1)
  10 ironbound preservers
  A putrid mouth (Zig:4)
  9 deep elf demonologists
  4 entropy weavers
  5 dire elephants
  2 spark wasps (Spider:4)
  7 deep elf annihilators
  2 wendigos (Zig:8)
  4 ettins
  6 deep elf death magi
  4 fire dragons
  10 merfolk impalers
  A green death (Depths:2)
  Josephine (D:15)
  10 yaktaur captains
  7 merfolk javelineers
  Erolcha (D:10)
  5 deep elf high priests
  2 ice dragons (Depths:2)
  6 boulder beetles
  5 great orbs of eyes
  32 vault guards
  A spriggan air mage (Depths:2)
  2 radroaches
  2 ogre magi
  3 catoblepae
  12 centaur warriors
  3 ironbound frosthearts
  16 hydras
  A two-headed ogre (shapeshifter) (Vaults:5)
  2 merfolk avatars
  11 two-headed ogres
  4 death yaks
  A satyr (Shoals:4)
  2 jorogumos
  A thrashing horror (Zig:5)
  An alligator snapping turtle (Shoals:4)
  4 merfolk aquamancers
  4 tengu warriors
  3 dancing weapons (Elf:2)
  An orc high priest (Zig:9)
  4 spriggan berserkers (Depths:2)
  14 deep elf knights
  A hell knight (Vaults:5)
  Nergalle (D:10)
  The ghost of cpf86 the Skirmisher, a novice TeHu of Kikubaaqudgha (D:10)
  A spatial maelstrom (Zig:5)
  5 pharaoh ants
  A sea snake (shapeshifter) (Vaults:5)
  A death drake (shapeshifter) (Vaults:5)
  4 fire crabs (Zig:10)
  11 steelbarb worms
  5 sea snakes
  12 orb spiders
  A flayed ghost (Vaults:5)
  2 ironbound convokers (Vaults:3)
  20 deep elf archers
  A glowing orange brain (Vaults:4)
  3 lindwurms
  24 deep trolls
  7 orc knights
  11 harpies
  5 phantasmal warriors (Vaults:5)
  3 wizards
  A bog body (Lair:3)
  A necromancer (Depths:2)
  3 oklob plants (Lair:6)
  16 ugly things
  19 deep elf zephyrmancers
  21 wolf spiders
  An orc sorcerer (Elf:2)
  4 cyclopes
  27 deep elf pyromancers
  2 moths of wrath
  6 shining eyes
  8 manticores
  A manticore (shapeshifter) (Vaults:5)
  6 fauns
  6 merfolk sirens
  25 elephants
  4 black mambas
  8 vault sentinels
  6 water nymphs
  4 gargoyles
  A torpor snail (shapeshifter) (Vaults:5)
  An ice statue (Lair:3)
  An apocalypse crab (Zig:3)
  6 torpor snails
  3 smoke demons
  9 cane toads
  4 eyes of devastation
  Maggie (D:10)
  3 demonic crawlers
  2 hellions (Zig:8)
  7 rime drakes
  8 komodo dragons
  An efreet (D:14)
  An unseen horror (shapeshifter) (Elf:2)
  2 anaconda simulacra (Lair:3)
  A tengu conjurer (D:13)
  3 ancient zymes (Zig:5)
  3 freezing wraiths
  17 yaktaurs
  4 ice devils
  A tormentor (Zig:8)
  5 trolls
  21 merfolk
  14 polar bears
  A queen bee (D:13)
  A hornet (shapeshifter) (Vaults:5)
  9 meliai
  A hornet (Depths:2)
  13 wind drakes
  12 blink frogs
  6 raiju
  A tarantella (shapeshifter) (Elf:3)
  11 dream sheep
  21 tarantellas
  77 slime creatures
  3 centaur simulacra (D:11)
  4 snapping turtles
  24 jumping spiders
  3 air elementals (Shoals:4)
  2 spriggans
  22 culicivoras
  A shadow (D:8)
  4 wyverns
  22 water elementals
  6 wraiths
  5 basilisks
  3 fire elementals
  2 yaks (shapeshifter) (Vaults:5)
  9 yaks
  12 humans
  A golden eye (Slime:5)
  54 redbacks
  6 vampire mosquitoes
  A death yak simulacrum (Lair:3)
  5 hogs (Lair:4)
  A redback (shapeshifter) (Elf:2)
  A steam dragon (Lair:4)
  A warg (shapeshifter) (D:15)
  9 wargs
  16 water moccasins
  2 acid dragons
  16 hell hounds
  35 orc warriors
  A glowing shapeshifter skeleton (Depths:2)
  A sky beast (D:8)
  12 black bears
  An ice beast (D:8)
  8 ogres
  23 wolves
  4 centaurs
  4 kobold brigands
  A phantom (D:9)
  19 bullfrogs
  Blork the orc (D:4)
  3 earth elementals
  A gnoll sergeant (D:7)
  6 scorpions
  A necrophage (D:5)
  A cane toad simulacrum (Lair:3)
  9 wights
  21 killer bees
  A troll zombie (D:9)
  7 howler monkeys
  2 electric eels
  2 centaur zombies (Ossuary)
  2 bullfrog zombies (Ossuary)
  3 hounds
  3 jellies
  24 orc priests
  Ijyb (D:4)
  5 iguanas
  20 orc wizards
  2 scorpion zombies (Ossuary)
  A polar bear simulacrum (Lair:3)
  A spriggan simulacrum (Lair:3)
  7 ogre zombies (D:9)
  A mummy (D:6)
  Robin (D:4)
  11 gnolls
  9 adders
  A naga simulacrum (Lair:3)
  A shadow imp (D:7)
  An ufetubus (D:4)
  3 adder zombies (Ossuary)
  2 worms (shapeshifter)
  2 dart slugs
  83 orcs
  6 endoplasms
  4 giant cockroaches
  4 gnoll zombies (Ossuary)
  15 goblins
  12 hobgoblins
  6 jackals
  25 kobolds
  3 quokkas
  7 ball pythons
  2 bats
  A frilled lizard (D:1)
  2 goblin skeletons (D:9)
  8 goblin zombies
  2 hobgoblin skeletons (D:9)
  5 hobgoblin zombies
  An orc skeleton (D:9)
  12 orc zombies
  8 rats
  19 fire vortices
1655 creatures vanquished.

Vanquished Creatures (collateral kills)
  A dread lich (Zig:8)
  A tengu reaver (Vaults:5)
  A shadow dragon (Vaults:5)
  An azure jelly (Zig:8)
  An emperor scorpion (Spider:4)
  An iron dragon (Vaults:5)
  A vault warden (Vaults:5)
  A ghost moth (Spider:4)
  2 very ugly things
  A yaktaur captain (Vaults:5)
  A titan zombie (Depths:2)
  A wizard (Vaults:1)
  3 ugly things
  An eye of devastation (Slime:5)
  A jumping spider (Spider:3)
  An orc priest (Vaults:5)
  An orc (Vaults:5)
  3 kobolds (D:10)
23 creatures vanquished.

Vanquished Creatures (others)
  234 fire vortices
  99 fulminant prisms
  103 fungi
  164 plants
600 creatures vanquished.

Grand Total: 2278 creatures vanquished

Notes
Turn   | Place    | Note
-------+----------+-------------------------------------------
     0 | D:1      | PurpleRed the Deep Elf Brigand began the quest for the Orb.
     0 | D:1      | Reached XP level 1. HP: 12/12 MP: 3/3
    74 | D:1      | Reached skill level 1 in Spellcasting
    98 | D:1      | Reached XP level 2. HP: 12/17 MP: 4/6
   135 | D:1      | Reached skill level 2 in Spellcasting
   272 | D:2      | Reached skill level 3 in Spellcasting
   298 | D:2      | Found a faded altar of an unknown god.
   340 | D:2      | Reached XP level 3. HP: 5/21 MP: 9/9
   677 | D:3      | Reached skill level 4 in Spellcasting
   748 | D:3      | Reached XP level 4. HP: 9/26 MP: 12/12
   759 | D:3      | Learned a level 1 spell: Magic Dart
   762 | D:3      | Learned a level 2 spell: Searing Ray
   767 | D:3      | Learned a level 4 spell: Fulminant Prism
   859 | D:3      | Reached skill level 1 in Conjurations
   859 | D:3      | Reached skill level 1 in Hexes
  1027 | D:4      | Noticed Blork the orc
  1028 | D:4      | Noticed a scorpion
  1034 | D:4      | Killed a scorpion
  1035 | D:4      | Reached XP level 5. HP: 25/30 MP: 11/14
  1042 | D:3      | Reached skill level 5 in Spellcasting
  1097 | D:4      | Killed Blork the orc
  1185 | D:4      | Noticed Ijyb
  1193 | D:4      | Killed Ijyb
  1194 | D:4      | Reached XP level 6. HP: 34/35 MP: 4/16
  1230 | D:4      | Got the Compendium of the Impact
  1300 | D:5      | Entered Level 5 of the Dungeon
  1300 | D:5      | Noticed an orc warrior
  1564 | D:4      | Reached skill level 6 in Spellcasting
  1782 | D:5      | Reached XP level 7. HP: 28/40 MP: 13/18
  1810 | D:4      | Noticed Robin
  1817 | D:4      | Killed Robin
  1939 | D:5      | Found a blossoming altar of Fedhas.
  1948 | D:5      | Reached skill level 7 in Spellcasting
  1997 | D:5      | Reached skill level 5 in Conjurations
  2018 | D:5      | Learned a level 3 spell: Stone Arrow
  2025 | D:5      | Learned a level 5 spell: Fireball
  2026 | D:5      | Found a snail-covered altar of Cheibriados.
  2029 | D:5      | Found a white marble altar of Elyvilon.
  2029 | D:5      | Found an opulent altar of Gozag.
  2055 | D:5      | Reached skill level 8 in Spellcasting
  2131 | D:5      | Reached XP level 8. HP: 22/44 MP: 9/22
  2158 | D:6      | Upgraded the game from 0.29-a0-813-g4a14ea3 to
                  | 0.29-a0-817-g9904bce
  2334 | D:6      | Reached skill level 9 in Spellcasting
  2419 | D:6      | Found an iron altar of Okawaru.
  2509 | D:6      | Reached skill level 10 in Spellcasting
  2629 | D:6      | Found a sand-covered staircase.
  2637 | Ossuary  | Entered an ossuary
  2805 | Ossuary  | Reached XP level 9. HP: 25/48 MP: 7/25
  2859 | Ossuary  | Noticed a silent spectre
  3054 | D:6      | Found a staircase to the Ecumenical Temple.
  3058 | Temple   | Entered the Ecumenical Temple
  3100 | Temple   | Became a worshipper of Vehumet
  3320 | D:7      | Reached skill level 11 in Spellcasting
  3320 | D:7      | Reached skill level 1 in Fire Magic
  3433 | D:7      | Found a hide-covered altar of Uskayaw.
  3467 | D:7      | Reached * piety under Vehumet
  3467 | D:7      | Offered knowledge of Sandblast by Vehumet.
  3503 | D:8      | Noticed a komodo dragon
  3524 | D:7      | Reached skill level 5 in Fire Magic
  3534 | D:7      | Found Yxunerr's Book Shop.
  3542 | D:7      | Bought a book of Iron for 432 gold pieces
  3549 | D:7      | Learned a level 6 spell: Iron Shot
  3829 | D:8      | Reached skill level 12 in Spellcasting
  3829 | D:8      | Reached XP level 10. HP: 45/53 MP: 22/28
  3874 | D:8      | Noticed a gargoyle
  3881 | D:8      | Killed a gargoyle
  3944 | D:8      | Found a staircase to the Lair.
  4004 | D:9      | Found a burning altar of Makhleb.
  4027 | D:10     | Entered Level 10 of the Dungeon
  4027 | D:10     | Noticed a green ugly thing
  4048 | D:9      | Reached ** piety under Vehumet
  4048 | D:9      | Offered knowledge of Freeze by Vehumet.
  4219 | D:9      | Reached skill level 10 in Conjurations
  4294 | D:9      | Found a staircase to the Orcish Mines.
  4311 | D:9      | Offered knowledge of Mephitic Cloud by Vehumet.
  4424 | D:10     | Noticed cpf86's ghost (novice TeHu)
  4431 | D:10     | Killed a green ugly thing
  4432 | D:10     | Reached skill level 13 in Spellcasting
  4437 | D:10     | Found a runed translucent door.
  4472 | D:10     | Reached *** piety under Vehumet
  4475 | D:10     | Identified a scroll of acquirement
  4475 | D:10     | Acquired a +2 pair of boots of flying
  4725 | D:10     | Found a shadowy altar of Dithmenos.
  4743 | D:11     | Found Warob's General Store.
  4744 | D:11     | Noticed a cyclops
  4748 | D:11     | Killed a cyclops
  4761 | D:11     | Bought 2 scrolls of magic mapping for 105 gold pieces
  4776 | D:10     | Found a sparkling altar of Nemelex Xobeh.
  4793 | D:10     | Noticed Erolcha
  4794 | D:10     | Noticed Nergalle
  4883 | Lair:1   | Entered Level 1 of the Lair of Beasts
  4889 | Lair:1   | Reached XP level 11. HP: 52/57 MP: 19/30
  4896 | Lair:1   | Reached skill level 14 in Spellcasting
  4907 | Lair:1   | Noticed a four-headed hydra
  4958 | Lair:1   | Killed a four-headed hydra
  4959 | Lair:1   | Reached skill level 1 in Earth Magic
  5095 | Lair:2   | Offered knowledge of Olgreb's Toxic Radiance by Vehumet.
  5280 | Lair:2   | Reached skill level 5 in Earth Magic
  5348 | Lair:2   | Noticed a dire elephant
  5480 | Lair:1   | Found an ancient bone altar of Kikubaaqudgha.
  5481 | Lair:1   | Noticed an oklob plant
  5599 | Lair:2   | Reached skill level 15 in Spellcasting
  5664 | Lair:2   | Acquired the ring of Jierr {Fly rF+ Will+}
  5759 | Lair:2   | Killed a dire elephant
  5760 | Lair:2   | Reached XP level 12. HP: 61/62 MP: 16/33
  5806 | Lair:2   | Reached **** piety under Vehumet
  6020 | Lair:4   | Noticed a five-headed hydra
  6022 | Lair:4   | Killed a five-headed hydra
  6031 | Lair:3   | Offered knowledge of Lee's Rapid Deconstruction by Vehumet.
  6115 | Lair:3   | Noticed a six-headed hydra
  6121 | Lair:3   | Killed a six-headed hydra
  6133 | Lair:3   | Reached skill level 16 in Spellcasting
  6221 | Lair:3   | Noticed a death yak
  6233 | Lair:3   | Killed a death yak
  6341 | Lair:3   | Reached skill level 5 in Fighting
  6351 | Lair:3   | Found the +5 scythe "Finisher" {speed, eviscerate}
  6390 | Lair:3   | Reached ***** piety under Vehumet
  6390 | Lair:3   | Offered knowledge of Freezing Cloud by Vehumet.
  6637 | Lair:4   | Learned a level 5 spell: Freezing Cloud
  6653 | Lair:4   | Reached XP level 13. HP: 65/72 MP: 33/35
  6657 | Lair:4   | Reached skill level 5 in Stealth
  6663 | Lair:4   | Reached skill level 17 in Spellcasting
  6675 | Lair:4   | Found a runed translucent door.
  6840 | Lair:4   | Found a staircase to the Shoals.
  6950 | Lair:4   | Found a hole to the Spider Nest.
  7034 | Lair:4   | Noticed Kirke
  7058 | Lair:4   | Noticed a sphinx
  7246 | Lair:6   | Entered Level 6 of the Lair of Beasts
  7390 | Lair:6   | Noticed Cryingnoob's ghost (journeyman MeAE)
  7392 | Lair:6   | Found a transporter.
  7453 | Lair:5   | Reached skill level 5 in Dodging
  7537 | Lair:6   | Found a transporter.
  7649 | Lair:6   | Reached skill level 1 in Ice Magic
  7868 | Lair:6   | Reached XP level 14. HP: 78/78 MP: 28/37
  7967 | Lair:6   | Reached skill level 18 in Spellcasting
  7974 | Lair:6   | Found a staircase to the Slime Pits.
  8128 | Lair:6   | Reached skill level 15 in Conjurations
  8186 | Lair:6   | Reached skill level 10 in Fire Magic
  8332 | Lair:6   | Offered knowledge of Irradiate by Vehumet.
  8788 | Orc:1    | Entered Level 1 of the Orcish Mines
  8788 | Orc:1    | Found Nituthremm's Antique Armour Shop.
  8836 | Orc:1    | Bought a smoking helmet for 209 gold pieces
  8836 | Orc:1    | Identified the +2 helmet of Fameamar {-Tele rF+ Will+
                  | Regen+} (You bought it in a shop on level 1 of the Orcish
                  | Mines)
  8936 | Orc:1    | Found Giuhoqoy's Weapon Emporium.
  8937 | Orc:1    | Found Zuguidez's Assorted Antiques.
  8944 | Orc:1    | You are sucked into a shaft and drop 1 floor!
  8944 | Orc:2    | Entered Level 2 of the Orcish Mines
  9013 | Orc:2    | Found a staircase to the Elven Halls.
  9062 | Orc:1    | Bought a pair of glowing gloves for 240 gold pieces
  9152 | Orc:1    | Found Zuawki's General Store.
  9168 | Orc:1    | Found Duenk's Weapon Boutique.
  9193 | Orc:1    | Found an ornate altar of the Wu Jian Council.
  9193 | Orc:1    | Found a transporter.
  9198 | Orc:1    | Found a transporter.
  9205 | Orc:1    | Found a transporter.
  9221 | Orc:1    | Found a transporter.
  9222 | Orc:1    | Found an ornate altar of the Wu Jian Council.
  9222 | Orc:1    | Noticed an orc warlord
  9334 | Orc:2    | Found Xidifroy's Antique Armour Shop.
  9406 | Orc:2    | Found Qomuzyic's Armour Boutique.
  9480 | Orc:2    | Reached skill level 19 in Spellcasting
  9532 | Orc:2    | Noticed Saint Roka
  9533 | Orc:2    | Offered knowledge of Eringya's Noxious Bog by Vehumet.
  9627 | Orc:2    | Found Huurch's Antique Weapon Shop.
  9629 | Orc:2    | Found Cucae's Antique Armour Boutique.
  9650 | Orc:2    | Killed Saint Roka
  9709 | Orc:2    | Found Aggycoas's Assorted Antiques.
  9721 | Orc:2    | Bought a scroll of blinking for 172 gold pieces
  9807 | Orc:1    | Bought a pair of embroidered boots for 165 gold pieces
  9894 | D:7      | Bought a book of Alchemy for 336 gold pieces
  9897 | D:7      | Learned a level 2 spell: Sublimation of Blood
  9948 | D:10     | Noticed Maggie
  9952 | D:10     | Killed Maggie
  9971 | D:10     | Killed Erolcha
  9994 | D:10     | Killed Nergalle
  9995 | D:10     | Reached skill level 1 in Necromancy
 10022 | D:10     | Killed cpf86's ghost
 10214 | D:11     | Got the +1 broad axe of the Egg {freeze, Int+2 Dex+2}
 10324 | D:11     | Bought 6 curare-tipped darts for 54 gold pieces
 10611 | D:13     | Reached XP level 15. HP: 77/82 MP: 9/40
 10759 | D:13     | Offered knowledge of Starburst by Vehumet.
 10771 | D:13     | Learned a level 6 spell: Starburst
 10799 | D:13     | Identified the +9 great mace of the Hidden Priests {spect,
                  | Will+}
 10827 | D:13     | Found a gate to the Vaults.
 11071 | D:14     | Found the +3 hat of Pondering {ponderous, Will+ MP+10
                  | Int+5}
 11127 | D:15     | Entered Level 15 of the Dungeon
 11130 | D:15     | Reached ****** piety under Vehumet
 11132 | D:15     | Noticed Josephine
 11133 | D:15     | Reached skill level 5 in Necromancy
 11220 | D:15     | Found a staircase to the Depths.
 11252 | Depths:1 | Entered Level 1 of the Depths
 11415 | D:15     | Reached skill level 20 in Spellcasting
 11796 | D:13     | You are sucked into a shaft and drop 2 floors!
 11818 | D:15     | Killed Josephine
 12062 | Elf:1    | Entered Level 1 of the Elven Halls
 12079 | Elf:1    | Found a radiant altar of Vehumet.
 12126 | Elf:2    | Noticed Agnes
 12172 | Elf:1    | Offered knowledge of Ozocubu's Refrigeration by Vehumet.
 12193 | Elf:1    | Learned a level 7 spell: Ozocubu's Refrigeration
 12229 | Elf:2    | Reached skill level 5 in Ice Magic
 12280 | Elf:2    | Acquired the +2 hat "Waxap" {rElec rN+}
 12319 | Elf:3    | Entered Level 3 of the Elven Halls
 12375 | Elf:3    | Reached XP level 16. HP: 68/90 MP: 42/42
 12624 | Elf:3    | Noticed a deep elf blademaster
 12628 | Elf:3    | Killed a deep elf blademaster
 12637 | Elf:3    | Noticed a deep elf blademaster
 12640 | Elf:3    | Killed a deep elf blademaster
 12666 | Elf:3    | Reached skill level 21 in Spellcasting
 12694 | Elf:3    | Noticed a deep elf master archer
 12701 | Elf:3    | Killed a deep elf master archer
 12746 | Elf:3    | Reached skill level 10 in Ice Magic
 12787 | Elf:3    | Identified the +5 war axe "Ucsysav" {vorpal, rPois Int+6}
 12803 | Elf:3    | Reached skill level 22 in Spellcasting
 12894 | Elf:3    | Noticed a deep elf master archer
 12949 | Elf:3    | Killed a deep elf master archer
 12949 | Elf:3    | Offered knowledge of Eringya's Noxious Bog by Vehumet.
 12981 | Elf:3    | Identified the +6 chain mail "Ogezam" {Int+3 SInv}
 13018 | Elf:3    | Got the Incunable of Gusts
 13079 | Elf:3    | Got the Writings on Sandy Exhumation
 13083 | Elf:3    | Identified the +3 chain mail of Noughts and Crosses {rElec
                  | Str-5 Int+4}
 13105 | Elf:3    | Identified the +7 hand axe "Jellybane" {drain, Fly}
 13368 | Elf:2    | Reached XP level 17. HP: 82/96 MP: 31/45
 13396 | Elf:2    | Killed Agnes
 13749 | Shoals:1 | Entered Level 1 of the Shoals
 13805 | Shoals:1 | Learned a level 8 spell: Ignition
 14045 | Shoals:3 | Noticed Ilsuiw
 14145 | Shoals:4 | Entered Level 4 of the Shoals
 14162 | Shoals:4 | Offered knowledge of Maxwell's Capacitive Coupling by
                  | Vehumet.
 14193 | Shoals:4 | Paralysed by an air elemental for 1 turns
 14232 | Shoals:4 | Reached skill level 23 in Spellcasting
 14278 | Shoals:4 | Noticed a titan
 14437 | Shoals:4 | Identified the +6 halberd of Ashenzari's Favour {freeze,
                  | rF+ rC+ Str+4 Stlth+}
 14490 | Shoals:4 | Killed a titan
 14678 | Shoals:4 | Reached skill level 15 in Fire Magic
 14702 | Shoals:4 | Got a barnacled rune of Zot
 14835 | Shoals:3 | Found Uruomu's Armour Shop.
 14950 | Lair:4   | Upgraded the game from 0.29-a0-817-g9904bce to
                  | 0.29-a0-819-g94b489e
 14954 | Lair:4   | Killed Kirke
 14990 | Spider:1 | Entered Level 1 of the Spider Nest
 15073 | Spider:2 | Offered knowledge of Fire Storm by Vehumet.
 15073 | Spider:2 | Offered knowledge of Shatter by Vehumet.
 15073 | Spider:2 | Offered knowledge of Chain Lightning by Vehumet.
 15075 | Spider:2 | Reached XP level 18. HP: 101/101 MP: 45/47
 15128 | Spider:1 | Learned a level 9 spell: Fire Storm
 15242 | Spider:2 | Reached skill level 24 in Spellcasting
 15390 | Spider:4 | Entered Level 4 of the Spider Nest
 15563 | Spider:4 | Found a runed translucent door.
 15568 | Spider:4 | Noticed moogleknight's ghost (adept MeFi)
 16029 | Spider:4 | Got a gossamer rune of Zot
 16257 | Slime:1  | Entered Level 1 of the Pits of Slime
 16299 | Slime:1  | Reached skill level 25 in Spellcasting
 16299 | Slime:1  | Reached XP level 19. HP: 81/105 MP: 39/50
 16532 | Slime:5  | Entered Level 5 of the Pits of Slime
 16626 | Slime:5  | Killed the Royal Jelly
 16687 | Slime:5  | Got a slimy rune of Zot
 16719 | Slime:5  | Identified the +4 dagger "Tyeluc" {flame, rN++}
 16723 | Slime:5  | Identified the +3 flail "Reurch" {vorpal, Drain Str+4}
 16760 | Slime:5  | Identified the +12 dagger "Netwuadd" {holy, rPois}
 17220 | Vaults:1 | Entered Level 1 of the Vaults
 17283 | Vaults:1 | You are sucked into a shaft and drop 1 floor!
 17354 | Vaults:2 | Found a large runed translucent door.
 17355 | Vaults:2 | Found a large runed translucent door.
 17355 | Vaults:2 | Noticed poml's ghost (adept DsGl)
 17495 | Vaults:2 | Found Burphow's Book Boutique.
 17606 | Vaults:2 | Bought a book of Spatial Translocations for 442 gold pieces
 17606 | Vaults:2 | Bought a book of Cantrips for 204 gold pieces
 17616 | Vaults:2 | Learned a level 9 spell: Shatter
 17618 | Vaults:2 | Learned a level 1 spell: Apportation
 17624 | Vaults:2 | Learned a level 4 spell: Iskenderun's Mystic Blast
 17646 | Vaults:3 | Found Setam's Weapon Emporium.
 17779 | Vaults:3 | Noticed Asterion
 17781 | Vaults:3 | Killed Asterion
 17805 | Vaults:3 | Identified the +5 falchion "Hoimepen" {vorpal, Int+5}
 17814 | Vaults:3 | Reached XP level 20. HP: 105/111 MP: 51/51
 18056 | Vaults:5 | Entered Level 5 of the Vaults
 18057 | Vaults:5 | Noticed a golden dragon
 18067 | Vaults:5 | Killed a golden dragon
 18091 | Vaults:5 | Reached skill level 26 in Spellcasting
 18093 | Vaults:5 | Noticed an ancient lich
 18094 | Vaults:5 | Killed an ancient lich
 18105 | Vaults:5 | Noticed a golden dragon
 18108 | Vaults:5 | Killed a golden dragon
 18112 | Vaults:5 | Reached skill level 10 in Earth Magic
 18113 | Vaults:5 | Noticed a golden dragon
 18114 | Vaults:5 | Killed a golden dragon
 18115 | Vaults:5 | Reached XP level 21. HP: 115/115 MP: 53/53
 18127 | Vaults:5 | Noticed a golden dragon
 18129 | Vaults:5 | Killed a golden dragon
 18182 | Vaults:5 | Got a silver rune of Zot
 18254 | Vaults:5 | Found the +18 shield of the Gong {rElec rN+ Will+ EV-5}
 18258 | Vaults:5 | Identified the amulet "Jirrock" {Regen+ Dex+7 Stlth-}
 18323 | Vaults:5 | Found the +13 scythe of Curses {drain, Drain}
 18337 | Vaults:5 | Identified the +1 sling of Soakliry {flame, rF+ Int-4 Dex+4
                  | SInv}
 18383 | Vaults:5 | Identified the +0 acid dragon scales of Distant Worlds
                  | {rCorr Str+7}
 18418 | Vaults:5 | Reached skill level 27 in Spellcasting
 18435 | Vaults:5 | Identified the +1 plate armour of Xuuckigo {rN+}
 18436 | Vaults:5 | Identified the +0 scale mail of Proximity {Fly rCorr Int+3
                  | Slay-2}
 18481 | Vaults:5 | Identified the +8 hand axe "Equacles" {antimagic, rC+}
 18679 | Vaults:3 | Found Ufes Mea's Antique Weapon Emporium.
 18785 | Vaults:3 | Found Gyjythet's General Store.
 18801 | Vaults:3 | Bought a potion of mutation for 144 gold pieces
 18801 | Vaults:3 | Bought a potion of mutation for 144 gold pieces
 18801 | Vaults:3 | Bought a scroll of amnesia for 63 gold pieces
 19100 | Depths:2 | Found a portal to a secret trove of treasure.
 19164 | Depths:2 | Found a one-way gate leading to the halls of Pandemonium.
 19175 | Depths:2 | Found Wiacu's Assorted Antiques.
 19184 | Depths:2 | Bought a potion of magic for 192 gold pieces
 19184 | Depths:2 | Bought a scroll of magic mapping for 84 gold pieces
 19228 | Depths:2 | Found a gateway to Hell.
 19258 | Depths:2 | Reached skill level 15 in Earth Magic
 19313 | Depths:2 | Found a one-way gateway to a ziggurat.
 19313 | Depths:2 | Noticed a dread lich
 19318 | Depths:2 | Killed a dread lich
 19336 | Zig:1    | Entered Level 1 of a ziggurat
 19355 | Zig:2    | Entered Level 2 of a ziggurat
 19371 | Zig:3    | Entered Level 3 of a ziggurat
 19374 | Zig:3    | Noticed a Killer Klown
 19376 | Zig:3    | Killed a Killer Klown
 19384 | Zig:3    | Identified the +10 hand axe "Cicutziv" {elec, *Corrode Fly
                  | rC+++ Int+3}
 19386 | Zig:4    | Entered Level 4 of a ziggurat
 19413 | Zig:5    | Entered Level 5 of a ziggurat
 19442 | Zig:6    | Entered Level 6 of a ziggurat
 19461 | Zig:6    | Reached XP level 22. HP: 120/120 MP: 53/55
 19468 | Zig:6    | Got Pusun's Anthology of Guile
 19474 | Zig:7    | Entered Level 7 of a ziggurat
 19498 | Zig:7    | Identified the +6 falchion of the Equinox {elec, rCorr
                  | Dex+4}
 19500 | Zig:7    | Identified the +7 hand axe of the Ancient Hosts {freeze,
                  | Str+3 Int-3 Dex+4}
 19505 | Zig:7    | Identified the +0 hat of the Old and Reckless {rPois Dex+2}
 19509 | Zig:8    | Entered Level 8 of a ziggurat
 19512 | Zig:8    | Noticed a shard shrike
 19514 | Zig:8    | Killed a shard shrike
 19519 | Zig:8    | Reached XP level 23. HP: 126/126 MP: 54/56
 19520 | Zig:8    | Noticed a dread lich
 19522 | Zig:8    | Killed a dread lich
 19543 | Zig:9    | Entered Level 9 of a ziggurat
 19572 | Zig:9    | Identified the +3 morningstar of Chagrin {vamp, Fragile rC+
                  | Will++ Int+2}
 19576 | Zig:9    | Identified the +3 glaive of Descent {holy, Str+4 Dex+3}
 19581 | Zig:10   | Entered Level 10 of a ziggurat
 19587 | Zig:10   | Noticed an orb of fire
 19594 | Zig:10   | Killed from afar by an orb of fire

Illustrated notes

Levels and vault maps discovered:
D:1:      dpeg_arrival_ratfight, layout_basic, serial_park_tiny_2,
          kennysheep_pointless_box, minmay_domino_2
D:2:      layout_basic, shapermc_ecumenical_altar_acropolis
D:3:      layout_basic
D:4:      layout_rooms, minmay_vboxes, uniq_robin, uniq_blork_the_orc, uniq_ijyb
D:5:      layout_basic, chequers_temple_overflow_statue_of_worship
D:6:      layout_cave_pods, kennysheep_okawaru_gauntlet, temple_hall_moat,
          gup_ossuary_entry_pyramid, nicolae_kite_square_tiling_tiny
D:7:      layout_basic, mainiacjoe_overflow_tiny_flanked, serial_shops, shop
D:8:      layout_basic, grunt_lair_entry_orc_guard_hut, nicolae_lava_and_water,
          chequers_serial_rivers_marsh, minmay_ruffians
D:9:      layout_layer_cave, bloody_makhleb, zombieorc2_lemuel
D:10:     layout_roguey, overflow_temple_1_default,
          nicolae_dithmenos_through_a_glass_darkly,
          hellmonk_ghost_happy_afterlife, uniq_erolcha, uniq_maggie,
          uniq_nergalle
D:11:     minmay_coctagon, layout_basic, serial_shops, shop
D:12:     layout_stronghold
D:13:     layout_basic, ximxim_vaults_locker_room, special_room
          [special_room_bee], reono_crystal_passage, kennysheep_generic_room_12
D:14:     layout_basic, xom_redecorated, nicolae_wwwww
D:15:     grunt_enter_depths_snipers, layout_layer_cave, nicolae_titane,
          uniq_josephine
Temple:   nicolae_temple_god_jail
Lair:1:   layout_loops_ring, minivault_11, lemuel_oklob_altar
Lair:2:   mu_elephants_graveyard, layout_gridlike
Lair:3:   dreamdust_isle_of_ice, layout_chaotic_city, portal_ice_cave_rime
Lair:4:   layout_loops_ring, elwin_shoals_entry_rooms,
          nicolae_spider_entry_tight_spaces, pf_torpor_hydra, uniq_kirke
Lair:5:   layout_roguey, lookout_lair_type, grunt_megastairs_2
Lair:6:   hangedman_lair_in_review, layout_layer_cave,
          hangedman_lair_caniforms_friends, minmay_slime_entry_oklob_enclosed,
          gammafunk_ghost_arena, serial_bayou_shore_a
Shoals:1: layout_shoals, nzn_prometheus_bound, uniq_roxanne
Shoals:2: layout_shoals
Shoals:3: layout_shoals, serial_shops, shop, nicolae_diamond_shop,
          nicolae_shop_statue_plus, shop, st_sunken_huts, uniq_ilsuiw
Shoals:4: shoals_end_hellmonk_storm_palace [storm_palace_center_ruins,
          storm_palace_corner_grid, storm_palace_corner_blocked,
          storm_palace_corner_narrow, storm_palace_corner_reverse_hut]
Spider:1: layout_spider_delve, nicolae_spider_bug_shape
Spider:2: layout_spider_delve
Spider:3: layout_spider_delve
Spider:4: grunt_spider_rune_circles, ebering_ghost_reflecting_pool
Slime:1:  layout_caves, nicolae_slime_phagocytosis
Slime:2:  layout_caves
Slime:3:  layout_caves
Slime:4:  layout_caves
Slime:5
Orc:1:    dreamdust_wu_jian_sword_trials, layout_caves, basic_altar,
          serial_shops, shop, nicolae_shop_overgrown_old_shop, shop,
          nicolae_lakefront_shop, nicolae_shop_overgrown_old_shop
Orc:2:    grunt_orc_community_town_hall, layout_caves,
          grunt_orc_community_big_house_1, grunt_orc_community_big_house_1,
          grunt_orc_community_house_2, grunt_orc_community_house_3,
          grunt_orc_community_house_1, grunt_orc_community_house_2,
          grunt_orc_community_house_2, serial_shops, nicolae_shop_hallway_plus,
          minmay_orc_temple_a
Elf:1:    eino_elf_arrival_altar, layout_loops_corners, minmay_elf_necromancy
Elf:2:    nicolae_elf_blades_splatter_lattice [infiniplex_blade_entry_pillars],
          layout_gridlike, uniq_agnes
Elf:3:    grunt_elf_hall_diamonds, layout_geoelf_diagonals
Vaults:1: vaults_room_large_hall, nicolae_vaults_circle_grid_a,
          nicolae_vaults_little_squares_2, hangedman_vaults_stretched_pinwheel,
          v_misc_27, v_misc_11, grunt_vaults_funnel,
          nicolae_vaults_little_squares_4, vaults_dpeg_encased_lava,
          layout_vaults_omnicross
Vaults:2: ebering_ghost_disaster_area, hangedman_vaults_cutoff,
          hangedman_vaults_trim, nicolae_vaults_disjoint_gnomons,
          vaults_room_stairs_pillars, ontoclasm_vaults_fault,
          ontoclasm_vaults_spin, vaults_room_hallway, vaults_room_pool,
          ontoclasm_vaults_loading_screen, grunt_vaults_hallway_long,
          nicolae_vaults_shelves_hall, ontoclasm_vaults_gateway,
          vaults_room_hallway, layout_vaults_ring, serial_shops,
          nicolae_shop_statue_plus
Vaults:3: v_pattern_5, v_misc_3, nicolae_vaults_circle_grid_a,
          minmay_crypt_entry_nasty_monster, grunt_vaults_focal,
          ontoclasm_vaults_claustrophobia, v_misc_12, layout_vaults_omnigrid,
          serial_shops, shop, shop, nicolae_shop_hallway_stairs,
          nicolae_shop_waterfront, uniq_asterion
Vaults:4: vaults_room_corners, st_smaller_cells, v_misc_2,
          ontoclasm_vaults_loading_screen, nicolae_vaults_network_barrier,
          nicolae_vaults_circle_grid_b, nicolae_vaults_angled_halls,
          nicolae_vaults_twisting_passages, vaults_standard_mumra_x, v_misc_19,
          layout_vaults_maze_snakey, serial_shops, nicolae_shop_hallway_stairs
Vaults:5: serial_shops
Depths:1: nicolae_cairo_tiling_large, layout_cave_shapes, serial_shops, shop,
          grunt_gozag_breadcrumbs, hell_entry, abyss_entry, minmay_door_square,
          bloody_trog, minmay_shop_grove
Depths:2: regret_index_uskayaw_diablada_macabre, layout_gridlike,
          enter_ziggurat_c, serial_shops, nicolae_shop_statue_plus,
          enter_trove_5, rand_demon_pan_entry_5, hell_entry, kennysheep_donut,
          infiniplex_staircase_squiggle, firewood_loft
Depths:3: minmay_the_grid_triangle_9x9_recursive_3_mashed
          [minmay_the_grid_triangle_9x9_fully_insulated_deathbox,
          minmay_the_grid_triangle_9x9_cache,
          minmay_the_grid_triangle_9x9_minimal,
          minmay_the_grid_triangle_9x9_prize_special,
          minmay_the_grid_triangle_9x9_longest,
          minmay_the_grid_triangle_9x9_odd_lines,
          minmay_the_grid_triangle_9x9_empty,
          minmay_the_grid_triangle_9x9_sparse_checkered,
          minmay_the_grid_triangle_9x9_dagger], layout_gridville,
          skrybe_limestone_x, pf_hell_entry_tar_spiral, serial_shops,
          nicolae_shop_trees, hangedman_abyss_entry_splay, grunt_ministairs_8,
          grunt_decor_fettered, minmay_misc_feat_columns,
          minmay_staircase_statues
Zig:10

Skill      XL: |  1  2  3  4  5  6  7  8  9 10 11 12 13 14 15 16 17 18 19 20 21 22 23 |
---------------+----------------------------------------------------------------------+-----
Spellcasting   | 1 3 4 5 6 8 10 12 13 15 16 17 19 20 22 23 25 26 27 | 27.0
Fighting       | 2 5 6 7 8 |  8.4
Dodging        | 2 6 7 8 |  8.0
Conjurations   | 1 2 3 6 8 9 11 12 14 16 17 18 20 21 | 21.0
Hexes          | 2 3 4 |  4.0
Fire Magic     | 6 8 9 11 13 15 17 20 21 | 21.0
Earth Magic    | 7 8 10 16 17 | 17.9
Stealth        | 8 |  8.0
Ice Magic      | 3 4 5 10 | 10.0
Necromancy     | 3 5 6 8 |  8.0
Short Blades   | |  2.0
Throwing       | |  2.0

Action                   |  1- 3 |  4- 6 |  7- 9 | 10-12 | 13-15 | 16-18 | 19-21 | 22-24 || total
-------------------------+-------+-------+-------+-------+-------+-------+-------+-------++-------
Melee: Dagger            |   111 |    33 |       |       |       |       |       |       ||   144
       Short sword       |       |       |    23 |    77 |   110 |     1 |       |       ||   211
       Punch             |       |       |       |     1 |     1 |       |       |       ||     2
       Broad axe         |       |       |       |       |     5 |       |       |       ||     5
       Staff             |       |       |       |       |     3 |     4 |       |       ||     7
       Scythe            |       |       |       |       |     1 |       |       |       ||     1
Throw: Dart              |    20 |    23 |     2 |     9 |     2 |       |       |       ||    56
       Javelin           |       |     8 |       |       |       |       |       |       ||     8
 Cast: Magic Dart        |       |    28 |    27 |       |       |       |       |       ||    55
       Searing Ray       |       |    13 |    12 |     1 |       |       |       |       ||    26
       Fulminant Prism   |       |     2 |    55 |    35 |     5 |     2 |       |       ||    99
       Stone Arrow       |       |       |    55 |    75 |    88 |    36 |     8 |       ||   262
       Fireball          |       |       |     5 |    88 |   193 |   246 |     7 |       ||   539
       Iron Shot         |       |       |       |    48 |   171 |   134 |    73 |       ||   426
       Freezing Cloud    |       |       |       |       |    17 |       |       |       ||    17
       Starburst         |       |       |       |       |    32 |     9 |     7 |       ||    48
       Sublimation of Bl |       |       |       |       |     8 |    96 |    38 |     1 ||   143
       Ozocubu's Refrige |       |       |       |       |       |    55 |       |       ||    55
       Ignition          |       |       |       |       |       |    10 |     2 |       ||    12
       Fire Storm        |       |       |       |       |       |    30 |   133 |    17 ||   180
       Apportation       |       |       |       |       |       |       |     1 |       ||     1
       Iskenderun's Myst |       |       |       |       |       |       |     2 |     1 ||     3
       Shatter           |       |       |       |       |       |       |     1 |     1 ||     2
Evoke: Wand              |       |       |       |     4 |     4 |     1 |       |       ||     9
  Use: Scroll            |       |     6 |    14 |     5 |    17 |    14 |     4 |       ||    60
       Potion            |       |     2 |     2 |     1 |     7 |     8 |     3 |       ||    23
 Stab: Sleeping          |     8 |     2 |     2 |     2 |       |     1 |       |       ||    15
       Petrified         |       |       |       |       |     3 |       |       |       ||     3
Armor: Robe              |    23 |       |    23 |    50 |    90 |       |       |       ||   186
       Leather armour    |    10 |    21 |       |       |       |       |       |       ||    31
       Troll leather arm |       |       |       |       |     3 |    57 |    19 |       ||    79
Dodge: Dodged            |    55 |    22 |    53 |    97 |   179 |    83 |    26 |       ||   515

Table legend: (Time is in decaauts)
 A = Elapsed time spent in this place.
 B = Non-inter-level travel time spent in this place.
 C = Inter-level travel time spent in this place.
 D = Time resting spent in this place.
 E = Time spent auto-exploring this place.
 F = Levels seen in this place.
 G = Mean time per level.
                   A        B        C        D        E       F      G
               +--------+--------+--------+--------+--------+-----+--------+
         Total |  20228 |  18883 |   1345 |      0 |      0 |  59 |  342.8 |
       Dungeon |   7225 |   6636 |    589 |      0 |      0 |  15 |  481.7 |
        Temple |     62 |     62 |      0 |      0 |      0 |   1 |   62.0 |
          Lair |   4396 |   3825 |    571 |      0 |      0 |   6 |  732.7 |
        Shoals |   1277 |   1276 |      1 |      0 |      0 |   4 |  319.2 |
   Spider Nest |   1169 |   1087 |     82 |      0 |      0 |   4 |  292.2 |
    Slime Pits |    637 |    637 |      0 |      0 |      0 |   5 |  127.4 |
  Orcish Mines |   1148 |   1073 |     75 |      0 |      0 |   2 |  574.0 |
   Elven Halls |   1570 |   1561 |      9 |      0 |      0 |   3 |  523.3 |
        Vaults |   1871 |   1855 |     16 |      0 |      0 |   5 |  374.2 |
        Depths |    334 |    334 |      0 |      0 |      0 |   3 |  111.3 |
      Ziggurat |    273 |    273 |      0 |      0 |      0 |  10 |   27.3 |
       Ossuary |    261 |    261 |      0 |      0 |      0 |   1 |  261.0 |
               +--------+--------+--------+--------+--------+-----+--------+

Top non-repeatable levels by time:
  Lair:6: 1378 daAuts
   Elf:3: 1032 daAuts
  Lair:2: 904 daAuts
Shoals:4: 721 daAuts
Spider:4: 715 daAuts
  Lair:4: 709 daAuts
  Lair:3: 685 daAuts
   Orc:2: 664 daAuts
     D:8: 625 daAuts
     D:3: 608 daAuts
    D:10: 586 daAuts
     D:6: 581 daAuts
     D:9: 580 daAuts
     D:5: 567 daAuts
    D:13: 563 daAuts
